 Dungeon Crawl Stone Soup version 0.31.0-11-ge490571c62 (webtiles) character file.

Game seed: 7849157210392305742

66 qw the Shooter (level 3, 0/18 HPs)
             Began as a Spriggan Hunter on Feb 4, 2024.
             Slain by an iguana (8 damage)
             ... on level 3 of the Dungeon.
             The game lasted 00:00:09 (1516 turns).

qw the Shooter (Spriggan Hunter)                    Turns: 1516, Time: 00:00:10

Health: 0/18       AC:  2    Str:  7    XL:     3   Next: 96%
Magic:  4/4        EV: 19    Int: 10    God:
Gold:   104        SH:  0    Dex: 20    Spells: 2/2 levels left

rFire   . . .        a - +0 shortbow
rCold   . . .        (shield currently unavailable)
rNeg    . . .        c - +0 robe
rPois   .            (helmet restricted)
rElec   .            (no cloak)
rCorr   .            (gloves unavailable)
SInv    +            (boots unavailable)
Will    .....        (no amulet)
Stlth   ++           (no ring)
HPRegen 0.23/turn    (no ring)
MPRegen 0.09/turn

%: no passive effects
@: very quick
A: very small, no large weapons, unfitting armour, see invisible, speed 3
a: no special abilities


You were on level 3 of the Dungeon.
You visited 1 branch of the dungeon, and saw 3 of its levels.

You collected 104 gold pieces.


Innate Abilities, Weirdness & Mutations

You are very small and have problems with some larger weapons.
You are too small for most types of armour.
You have supernaturally acute eyesight. (SInv)
You cover ground extremely quickly. (Speed+++)


   Skills:
 - Level 1.5 Fighting
 - Level 5.0 Ranged Weapons
 + Level 4.1 Dodging
 - Level 1.5 Stealth


You had 2 spell levels left.
You didn't know any spells.
Your spell library was empty.

Inventory:

Hand Weapons
 a - a +0 shortbow (weapon)
Armour
 c - a +0 robe (worn)
Scrolls
 b - 2 scrolls of identify
Potions
 e - a potion of cancellation {unknown}
 f - a potion of mutation {unknown}

Dungeon Overview and Level Annotations

Branches:
Dungeon (3/15)

Altars:


Message History

There is a stone staircase leading up here.
Found a stone staircase leading down.
b - 2 scrolls of identify
There is a stone staircase leading down here.
An endoplasm comes into view.
You shoot an arrow.
The arrow hits the endoplasm but does no damage.
The endoplasm quivers.
You shoot an arrow. The arrow hits the endoplasm!
You kill the endoplasm!
A dart slug comes into view.
You shoot an arrow. The arrow hits the dart slug.
The dart slug is severely wounded.
You shoot an arrow. The arrow hits the dart slug.
You kill the dart slug!
An iguana comes into view.
The iguana hisses angrily.
You shoot an arrow. The arrow barely misses the iguana.
You shoot an arrow. The arrow completely misses the iguana.
You shoot an arrow. The arrow hits the iguana.
The iguana is moderately wounded.
You shoot an arrow.
The arrow hits the iguana but does no damage.
The iguana is moderately wounded.
You shoot an arrow. The arrow barely misses the iguana.
The iguana bites you!
Ouch! That really hurt!
The iguana barely misses you.
You shoot an arrow.
The arrow hits the iguana but does no damage.
The iguana is moderately wounded.
The iguana closely misses you.
You shoot an arrow.
The arrow hits the iguana but does no damage.
The iguana is moderately wounded.
The iguana misses you.
You shoot an arrow. The arrow hits the iguana.
The iguana is heavily wounded.
The iguana bites you!
You die...

## #####.. #.....##
##.......
.#......###########
.#....#.#.........###
......#.............
.##.#.#.#.#.....#.######
.##.#...#.......@!......
.##.#.#.#...###.#l...###
.##.#.#.#.### #.#.......
.#..>.....# #.#.......
#...####### #.#.......
+...+ #......... #...#
#......... #...#
.......### #...#


You could see an iguana.

Vanquished Creatures
  3 adders (D:2)
  3 dart slugs
  2 ribbon worms (D:2)
  4 endoplasms
  3 giant cockroaches
  2 hobgoblins
  A ball python (D:2)
  4 bats
  2 frilled lizards
  3 goblins (D:1)
  2 kobolds (D:1)
  2 rats (D:1)
31 creatures vanquished.

Notes
Turn   | Place    | Note
-------+----------+-------------------------------------------
     0 | D:1      | qw the Spriggan Hunter began the quest for the Orb.
     0 | D:1      | Reached XP level 1. HP: 10/10 MP: 2/2
     0 | D:1      | 0 ||| qw: Version: 0.3-a-160-g6735b56
     0 | D:1      | 0 ||| qw: Game counter: 5998
     0 | D:1      | 0 ||| qw: Melee chars always use a shield: true
     0 | D:1      | 0 ||| qw: God list: Okawaru
     0 | D:1      | 0 ||| qw: Allow faded altars: false
     0 | D:1      | 0 ||| qw: Do Orc after clearing Dungeon:15 true
     0 | D:1      | 0 ||| qw: Do second Lair branch before Depths: true
     0 | D:1      | 0 ||| qw: Lair rune preference: random
     0 | D:1      | 0 ||| qw: Goals: Normal
     0 | D:1      | 0 ||| PLANNING D:1-11
    58 | D:1      | Reached skill level 3 in Dodging
   209 | D:1      | Reached XP level 2. HP: 14/14 MP: 3/3
   717 | D:1      | 717 ||| DROPPING scarf of harm.
   718 | D:1      | 718 ||| READING scroll labelled XUSHUSHRYIXT.
   718 | D:1      | 718 ||| IDENTIFYING fizzy cyan potion
   719 | D:1      | 719 ||| READING scroll labelled LIREKOPPYEQE.
   720 | D:1      | 720 ||| READING scroll labelled BOX HIUVISMIH.
   724 | D:1      | 724 ||| READING scroll labelled XEGOAG ICVA.
   825 | D:1      | 825 ||| DRINKING 2 fuming green potions.
   826 | D:1      | 826 ||| DROPPING scroll of butterflies.
   827 | D:1      | 827 ||| DROPPING potion of magic.
   965 | D:2      | Reached XP level 3. HP: 11/18 MP: 4/4
  1412 | D:2      | HP: 4/18 [ribbon worm (7)]
  1413 | D:2      | 1413 ||| DRINKING potion of heal wounds.
  1415 | D:2      | Reached skill level 5 in Ranged Weapons
  1427 | D:2      | 1427 ||| DROPPING scarf of invisibility.
  1428 | D:2      | 1428 ||| READING scroll of identify.
  1428 | D:2      | 1428 ||| IDENTIFYING fuming coppery potion
  1429 | D:2      | 1429 ||| DROPPING potion of attraction.
  1516 | D:3      | Slain by an iguana

Levels and vault maps discovered:
D:1:      dpeg_arrival_simpleton_c, layout_basic, minmay_misc_feat_cross
D:2:      layout_basic, nicolae_half_adder
D:3:      layout_basic, minmay_snake_closets

Skill      XL: |  1  2  3 |
---------------+----------+-----
Dodging        | 3 4 |  4.1
Ranged Weapons | 5 |  5.0
Fighting       | |  1.5
Stealth        | |  1.5

Action                     || total
---------------------------++-------
   Fire: Shortbow          ||    96
    Use: Scroll            ||     5
         Potion            ||     2
 Armour: Robe              ||    11
  Dodge: Dodged            ||    26

Table legend:
 A = Non-vault XP
 B = Vault XP
 C = Vault XP percentage of total XP
 D = Non-vault monster count
 E = Vault monster count
 F = Vault count percentage of total count
                 A         B        C        D         E       F
            +---------+---------+-------+---------+---------+-------
      Total |      69 |      26 |  27.4 |      29 |       2 |   6.5
            +---------+---------+-------+---------+---------+-------
        D:1 |      23 |       0 |   0.0 |      16 |       0 |   0.0
        D:2 |      40 |      26 |  39.4 |      11 |       2 |  15.4
        D:3 |       6 |       0 |   0.0 |       2 |       0 |   0.0
            +---------+---------+-------+---------+---------+-------
